 Dungeon Crawl Stone Soup version 0.28-a0-1632-g283549b12f (webtiles) character file.

Game seed: 3870193188626300686

30 Nattfarinn the Cutter (level 3, -1/18 HPs)
             Began as a Vine Stalker Gladiator on Jan 25, 2022.
             Slain by Natasha (3 damage)
             ... on level 2 of the Dungeon.
             The game lasted 00:02:43 (1045 turns).

Nattfarinn the Cutter (Vine Stalker Gladiator)      Turns: 1045, Time: 00:02:43

Health: -1/18      AC:  4    Str: 18    XL:     3   Next: 18%
Magic:  0/5        EV: 12    Int:  8    God:
Gold:   38         SH:  0    Dex: 15    Spells: 4/4 levels left

rFire   . . .      SeeInvis .   a - +0 dagger
rCold   . . .      Faith    .   (no shield)
rNeg    . . .      Spirit   +   d - +0 leather armour
rPois   .          Reflect  .   c - +0 helmet
rElec   .          Harm     .   (no cloak)
rCorr   .          Rampage  .   (no gloves)
Will    .....                   (no boots)
Stlth   +.........              (no amulet)
HPRegen 0.06/turn               (no ring)
MPRegen 0.09/turn               (no ring)

@: no status effects
A: fangs 2, magic shield, antimagic bite, no potion heal 2
a: no special abilities


You were on level 2 of the Dungeon.
You visited 1 branch of the dungeon, and saw 2 of its levels.

You collected 38 gold pieces.

Inventory:

Hand Weapons
 a - a +0 dagger (weapon)
 b - a +4 hunting sling
 h - a +0 rapier
Missiles
 f - 3 throwing nets (quivered)
 g - 28 sling bullets
Armour
 c - a +0 helmet (worn)
 d - a +0 leather armour (worn)
Scrolls
 e - a scroll of immolation {unknown}
 j - a scroll of enchant weapon {unknown}
 k - a scroll of magic mapping {unknown}
 n - 2 scrolls of teleportation {unknown}
Potions
 i - a potion of might {unknown}
 l - a potion of flight {unknown}
 m - 2 potions of attraction {unknown}


   Skills:
 + Level 2.2 Fighting
 * Level 3.3 Short Blades
 - Level 1.7 Throwing
 - Level 2.4 Dodging
 + Level 1.1 Spellcasting


You had 4 spell levels left.
You didn't know any spells.
Your spell library was empty.

Dungeon Overview and Level Annotations

Branches:
Dungeon (2/15)

Altars:

Annotations:
D:2 Natasha


Innate Abilities, Weirdness & Mutations

You have extremely sharp teeth.
When hurt, damage is shared between your health and your magic reserves.
Your bite disrupts and absorbs the magic of your enemies.
Potions cannot restore your health.


Message History

Natasha is lightly wounded.
You hit Natasha but do no damage. You bite Natasha.
Natasha's magic leaks into the air.
You drain her magic.
Natasha is moderately wounded.
Natasha falters for a moment.
Press: ? - help, . - travel You can't see that place.
You hit Natasha but do no damage.
Natasha is moderately wounded.
Natasha claws you.
* * * LOW HITPOINT WARNING * * *
You hit Natasha but do no damage. You bite Natasha.
Natasha's magic leaks into the air.
You drain her magic.
You feel invigorated.
Natasha is heavily wounded.
Natasha claws you.
You closely miss Natasha. Your bite misses Natasha.
Natasha is heavily wounded.
Natasha barely misses you.
Your movement speed is average.
Your attack delay is about 0.8.
Unknown command.
You closely miss Natasha. You bite Natasha.
Natasha's magic leaks into the air.
You drain her magic.
You feel invigorated.
Natasha is severely wounded.
Natasha falters for a moment.
You barely miss Natasha.
Natasha is severely wounded.
You hit Natasha but do no damage. You bite Natasha.
Natasha's magic leaks into the air.
You drain her magic.
You feel invigorated.
Natasha is almost dead.
Natasha misses you.
You closely miss Natasha.
Natasha is almost dead.
Natasha claws you but does no damage.
You hit Natasha but do no damage.
Natasha is almost dead.
Natasha falters for a moment.
You hit Natasha but do no damage.
Natasha is almost dead.
Natasha claws you!
You die...

#.#.####.##.##.##
.##
#<#...#.....#.##
#.>..(........#
#.###.#.##.##.## S
#.# #.#.##.###.##
.# #.# #.#.##.#
##.###.# #..
...#.... #.....###
#.# #.#
##..###.........
#.# #..
#...@......#### #.#
#.. #..h..........
#.......#######.###
.####. ... # ###


You could see Natasha (magic disrupted).

Vanquished Creatures
  A worm (D:2)
  2 endoplasms
  A giant cockroach (D:1)
  5 goblins (D:1)
  2 hobgoblins (D:1)
  2 jackals (D:1)
  A quokka (D:1)
  3 ball pythons (D:1)
  4 bats (D:1)
  A frilled lizard (D:1)
  A kobold (D:1)
  2 rats
25 creatures vanquished.

Notes
Turn   | Place    | Note
-------+----------+-------------------------------------------
     0 | D:1      | Nattfarinn the Vine Stalker Gladiator began the quest for
                  | the Orb.
     0 | D:1      | Reached XP level 1. HP: 11/11 MP: 2/2
    45 | D:1      | Found a faded altar of an unknown god.
   273 | D:1      | Reached XP level 2. HP: 12/15 MP: 1/3
   276 | D:1      | Reached skill level 3 in Short Blades
   821 | D:1      | Reached skill level 1 in Spellcasting
   832 | D:1      | Reached XP level 3. HP: 15/18 MP: 5/5
  1024 | D:2      | Noticed Natasha
  1045 | D:2      | Slain by Natasha

Illustrated notes

Levels and vault maps discovered:
D:1:      eino_arrival_water_star, layout_rooms,
          shapermc_ecumenical_altar_acropolis, minmay_misc_feat_doors,
          hangedman_decor_diamond_cutter, minmay_splitting_lines,
          chequers_serial_rivers_micro_d, hangedman_abyss_or_decor_lesser_grid
D:2:      layout_loops_ring, uniq_natasha

Skill      XL: |  1  2 |
---------------+-------+-----
Fighting       | 2 |  2.2
Short Blades   | 3 |  3.3
Spellcasting   | 1 |  1.1
Throwing       | |  1.7
Dodging        | |  2.4

Action                   || total
-------------------------++-------
Melee: Rapier            ||    11
       Dagger            ||    90
       Bite              ||    20
 Stab: Sleeping          ||     1
Armor: Leather armour    ||    37
Dodge: Dodged            ||    64

Table legend: (Time is in decaauts)
 A = Elapsed time spent in this place.
 B = Non-inter-level travel time spent in this place.
 C = Inter-level travel time spent in this place.
 D = Time resting spent in this place.
 E = Time spent auto-exploring this place.
 F = Levels seen in this place.
 G = Mean time per level.
                   A        B        C        D        E       F      G
               +--------+--------+--------+--------+--------+-----+--------+
         Total |   1027 |    978 |     49 |      0 |    800 |   2 |  513.5 |
       Dungeon |   1027 |    978 |     49 |      0 |    800 |   2 |  513.5 |
               +--------+--------+--------+--------+--------+-----+--------+

Top non-repeatable levels by time:
     D:1: 952 daAuts
     D:2: 75 daAuts
